 Dungeon Crawl Stone Soup version 0.30.0-15-g856e2d3f33 (webtiles) character file.

Game seed: 15127615214321448611

69331 Strat the Brawler (level 15, -1/80 HPs)
             Began as a Vine Stalker Monk on May 18, 2023.
             Was a Believer of Uskayaw.
             Succumbed to a sea snake's poison
             ... on level 1 of the Snake Pit.
             The game lasted 00:27:56 (15394 turns).

Strat the Brawler (Vine Stalker Monk)              Turns: 15394, Time: 00:27:57

Health: -1/80      AC: 20    Str: 20    XL:     15   Next: 29%
Magic:  8/23       EV: 12    Int: 10    God:    Uskayaw [**....]
Gold:   2920       SH:  0    Dex: 18    Spells: 14/14 levels left

rFire   + .          .
                       - Unarmed
rCold   . . .        c - orb {light}
rNeg    . . .        V - +2 plate armour {rF+}
rPois   +            f - +0 helmet
rElec   .            (no cloak)
rCorr   .            q - +0 pair of gloves
SInv    .            y - +0 pair of boots "Assesok" {Rampage rPois}
Will    +....        t - amulet of regeneration Stlth
                     D - +5 ring of evasion
HPRegen 1.93/turn    G - +4 ring of slaying
MPRegen 0.18/turn

%: guardian spirit, rampage
@: lethally poisoned (-1 -> -21), glowing
A: fangs 3, regeneration 1, magic shield, antimagic bite, no potion heal 2
a: Renounce Religion, Stomp, Line Pass


You were on level 1 of the Snake Pit.
You worshipped Uskayaw.
Uskayaw was aware of your devotion.
You visited 5 branches of the dungeon, and saw 19 of its levels.
You also visited: Gauntlet.

You collected 3102 gold pieces.
You spent 182 gold pieces at shops.

Inventory:

Hand Weapons
 S - the +7 captain's cutlass {speed, disarm}
   (You found it on level 5 of the Lair of Beasts)
Missiles
 l - 9 javelins
 x - a throwing net (quivered)
Armour
 a - a +1 robe
 c - an orb of light (worn)
 f - a +0 helmet (worn)
 n - a +0 pair of boots of flying
 o - a +0 leather armour
 q - a +0 pair of gloves (worn)
 v - a +0 chain mail
 y - the +0 pair of boots "Assesok" (worn) {Rampage rPois}
   (You found it in a Gauntlet)

   rPois:     It protects you from poison.
   Rampage:   It bestows one free step when moving towards enemies.
 V - a +2 plate armour of fire resistance (worn)
Jewellery
 t - an amulet of regeneration (around neck)
 B - an amulet of reflection
 D - a +5 ring of evasion (left hand)
 G - a +4 ring of slaying (right hand)
 H - the ring of Huthrueps {Wiz rElec Str+2}
   (You found it in a Gauntlet)

   [ring of wizardry]

   It improves your spell success rate.
   Str:       It affects your strength (+2).
   rElec:     It insulates you from electricity.
 I - the amulet of Zoqyef {Spirit Will+ Int+2 Slay+2}
   (You found it in a Gauntlet)

   [amulet of guardian spirit]

   It causes incoming damage to be divided between your reserves of health and
   magic.
   Int:       It affects your intelligence (+2).
   Slay:      It affects your accuracy & damage with ranged weapons and melee
   (+2).
   Will:      It increases your willpower.
 L - an amulet of magic regeneration
 P - a ring of positive energy
Wands
 h - a wand of flame (51)
 j - a wand of mindburst (4)
 A - a wand of polymorph (17)
 J - a wand of quicksilver (4)
 K - a wand of paralysis (11)
 Q - a wand of digging (9)
Scrolls
 i - 2 scrolls of magic mapping
 k - 2 scrolls of torment {unknown}
 p - 16 scrolls of identify
 w - 2 scrolls of silence
 F - a scroll of acquirement
 M - a scroll of enchant armour
 N - 2 scrolls of teleportation
 R - a scroll of noise {unknown}
 U - a scroll of blinking
 W - a scroll of fog
Potions
 b - 11 potions of ambrosia
 d - 6 potions of heal wounds
 e - 5 potions of attraction
 g - 5 potions of curing
 m - 5 potions of lignification
 r - 4 potions of might
 s - 5 potions of brilliance
 u - 7 potions of haste
 z - 3 potions of invisibility
 C - a potion of cancellation
 E - a potion of flight
 O - 3 potions of mutation {unknown}
Miscellaneous
 T - a phantom mirror


   Skills:
 - Level 10.0 Fighting
 + Level 5.0 Short Blades
 - Level 10.0 Armour
 - Level 2.4 Dodging
 + Level 7.3 Stealth
 - Level 17.8 Unarmed Combat
 + Level 10.2 Invocations


You had 14 spell levels left.
You didn't know any spells.
Your spell library contained the following spells:

 Spells                   Type           Power      Damage    Failure   Level
 Foxfire                  Conj/Fire      0%         2x1d4     100%        1
 Sublimation of Blood     Necr           0%         N/A       100%        2
 Call Canine Familiar     Summ           0%         N/A       100%        3
 Ignite Poison            Fire/Tmut/Pois 0%         N/A       100%        3
 Portal Projectile        Hex/Tloc       0%         N/A       100%        3
 Volatile Blastmotes      Fire/Tloc      0%         2d10      100%        3
 Fulminant Prism          Conj/Hex       0%         3d5       100%        4
 Iskenderun's Mystic Bla  Conj/Tloc      0%         2d3       100%        4
 Leda's Liquefaction      Hex/Erth       0%         N/A       100%        4
 Petrify                  Tmut/Erth      0%         N/A       100%        4
 Sticky Flame             Conj/Fire      0%         2d3       100%        4
 Fireball                 Conj/Fire      0%         3d3       100%        5
 Irradiate                Conj/Tmut      0%         3d11      100%        5
 Iskenderun's Battlesphe  Conj           0%         2d6       100%        5
 Lee's Rapid Deconstruct  Erth           0%         3d4*      100%        5
 Metabolic Englaciation   Hex/Ice        0%         N/A       100%        5
 Iron Shot                Conj/Erth      0%         9d1       100%        6
 Plasma Beam              Fire/Air       0%         2x1d11    100%        6
 Starburst                Conj/Fire      0%         6d3       100%        6
 Statue Form              Tmut/Erth      0%         N/A       100%        6
 Spellforged Servitor     Conj/Summ      0%         N/A       100%        7
 Ignition                 Fire           0%         3d3       100%        8


Dungeon Overview and Level Annotations

Branches:
Dungeon (10/15)            Temple (1/1) D:5            Lair (5/5) D:10
 Shoals (0/4) Lair:3        Snake (1/4) Lair:2        Slime (0/5) Lair:5
    Orc (2/2) D:9             Elf (0/3) Orc:2       Gauntlet (visited)

Altars:
Ashenzari
Cheibriados
Dithmenos
Elyvilon
Fedhas
Gozag
Hepliaklqana
Kikubaaqudgha
Makhleb
Nemelex Xobeh
Okawaru
Qazlal
Ru
Sif Muna
Trog
Uskayaw
Vehumet
Wu Jian
Xom
Yredelemnul
Zin
The Shining One
Jiyva

Shops:
Orc:2 ?([=


Innate Abilities, Weirdness & Mutations

You have razor-sharp teeth.
Your natural rate of healing is unusually fast.
When hurt, damage is shared between your health and your magic reserves.
Your bite disrupts and absorbs the magic of your enemies.
Potions cannot restore your health.


Message History

The anaconda constricts you.
* * * LOW HITPOINT WARNING * * *
The sea snake barely misses you. The anaconda closely misses you.
The anaconda constricts you.
You escape the anaconda's grasp.
You feel very sick.
A naga comes into view. It is wielding a +0 trident.
You feel very sick.
The naga shouts!
You rampage towards the anaconda!
The black mamba hisses angrily.
You pummel the anaconda!! Your bite misses the anaconda.
The anaconda is heavily wounded.
You feel sick.
A salamander comes into view.
It is wielding a +0 trident and carrying a wand of polymorph (5).
The anaconda grabs you. The anaconda barely misses you.
The anaconda constricts you.
* * * LOW HITPOINT WARNING * * *
You pummel the anaconda!! Your bite misses the anaconda.
The anaconda is almost dead.
You feel sick.
The anaconda bites you but does no damage.
The anaconda constricts you.
You can now pass through a line of other dancers.
You pummel the anaconda!!
You kill the anaconda!
You feel sick.
Your Short Blades skill increases to level 5!
You barely miss the sea snake.
You feel sick. The sea snake bites you!
* * * LOW HITPOINT WARNING * * *
You are lethally poisoned!
The sea snake poisons you!
You closely miss the sea snake.
* * * LOW HITPOINT WARNING * * *
You feel very sick. The sea snake closely misses you.
You punch the sea snake! You bite the sea snake. You drain its power.
You feel invigorated.
The sea snake is moderately wounded.
You die...

## #. #.# .. ..#
N #.N.# .~ #N#.
..~~~P~ #..
#...SP~P #.##
##..NS~~~
#.#######...PP~~~
##@##....>.....#
##SSS.......#
##SS......#
#.....N..#
#.......#..#
##.#...##..#
..##...##..#
#......##†).#
#....S###..##


You could see 2 sea snakes, a salamander, a naga ritualist, a mana viper, 2
black mambas and a naga.

Vanquished Creatures
  3 orc warlords
  A minotaur (Gauntlet)
  A great orb of eyes (Gauntlet)
  2 hydras (Lair:5)
  A centaur warrior (D:9)
  3 anacondas (Snake:1)
  2 catoblepae
  A naga warrior (Snake:1)
  A merfolk avatar (Lair:5)
  An orc high priest (Orc:2)
  2 two-headed ogres
  A naga sharpshooter (Snake:1)
  4 skysharks
  A naga ritualist (Snake:1)
  Pikel (D:9)
  7 orc knights (Orc:2)
  A lindwurm (Lair:3)
  3 ugly things
  A manticore (Lair:5)
  4 orc sorcerers
  2 cyclopes (Orc:2)
  Joseph (Lair:1)
  5 elephants
  Maurice (Orc:2)
  8 black mambas
  A merfolk siren (Lair:3)
  6 orange demons (D:10)
  Maggie (D:6)
  A torpor snail (Lair:1)
  13 cane toads
  A gargoyle (Gauntlet)
  A kobold demonologist (D:9)
  11 komodo dragons
  5 rime drakes
  4 trolls
  A queen bee (Lair:2)
  3 red devils (D:10)
  7 polar bears
  A wind drake (Lair:5)
  10 saltlings (Orc:2)
  2 hornets (Lair:5)
  Grinder (D:3)
  A snapping turtle (Lair:5)
  4 dream sheep (Lair:3)
  19 blink frogs
  4 shadows
  2 wraiths (D:10)
  3 wyverns (Lair:5)
  42 yaks
  3 basilisks
  4 steam dragons (Lair:5)
  2 vampire mosquitoes (D:10)
  6 wargs
  Edmund (D:6)
  A two-headed ogre zombie (D:9)
  5 nagas
  Duvessa (D:6)
  7 water moccasins
  27 orc warriors
  7 ogres
  A sky beast (D:6)
  A black bear (D:5)
  8 centaurs
  A lemure (D:9)
  14 wolves
  A kobold brigand (D:8)
  4 phantoms
  A gnoll sergeant (D:9)
  9 bullfrogs
  4 scorpions
  5 wights (D:9)
  Dowan (D:6)
  35 killer bees
  2 troll zombies (D:9)
  4 electric eels
  A howler monkey (D:8)
  A lava snake (Lair:3)
  2 jellies
  14 orc priests
  2 gnoll boudas
  9 hounds
  2 sleepcaps
  A scorpion zombie (D:3)
  7 iguanas
  12 orc wizards
  Natasha (D:2)
  4 hell rats (Lair:4)
  5 ogre zombies (D:9)
  19 gnolls
  7 adders
  A shadow imp (D:5)
  3 white imps
  2 ufetubi (D:5)
  2 adder skeletons (D:3)
  3 worms
  4 dart slugs
  43 orcs
  4 ball pythons
  8 bats
  A bat zombie (D:9)
  6 endoplasms
  4 giant cockroaches
  6 goblins
  8 hobgoblins
  A quokka (D:1)
  A ball python skeleton (D:3)
  A ball python zombie (D:3)
  2 frilled lizards
  A goblin skeleton (D:9)
  4 goblin zombies (D:9)
  6 hobgoblin zombies (D:9)
  A jackal skeleton (D:3)
  25 kobolds
  3 orc skeletons (D:9)
  10 orc zombies (D:9)
  A quokka zombie (D:3)
  3 rats
  A rat zombie (D:9)
599 creatures vanquished.

Vanquished Creatures (others)
  A wizard (D:4)
1 creature vanquished.

Grand Total: 600 creatures vanquished

Notes
Turn   | Place    | Note
-------+----------+-------------------------------------------
     0 | D:1      | Strat the Vine Stalker Monk began the quest for the Orb.
     0 | D:1      | Reached XP level 1. HP: 11/11 MP: 2/2
   288 | D:1      | Reached XP level 2. HP: 15/16 MP: 3/3
   665 | D:1      | Found a faded altar of an unknown god.
   678 | D:1      | Reached skill level 4 in Unarmed Combat
   685 | D:1      | Reached XP level 3. HP: 6/19 MP: 2/4
   861 | D:2      | Identified the +7 hand axe "Osequija" {venom, Will+ Int+5}
  1066 | D:2      | Noticed Natasha
  1071 | D:2      | Killed Natasha
  1072 | D:2      | Reached skill level 5 in Unarmed Combat
  1072 | D:2      | Gained mutation: Your natural rate of healing is unusually
                  | fast. [Vine Stalker growth]
  1072 | D:2      | Reached XP level 4. HP: 23/23 MP: 5/5
  1258 | D:2      | Found a basalt altar of Yredelemnul.
  1500 | D:3      | Found a sacrificial altar of Ru.
  1561 | D:3      | Reached XP level 5. HP: 27/27 MP: 6/6
  1610 | D:3      | HP: 1/27 [gnoll/+0 club (2)]
  1681 | D:3      | Reached skill level 6 in Unarmed Combat
  1704 | D:3      | Noticed Grinder
  1723 | D:3      | Killed Grinder
  1724 | D:3      | Reached XP level 6. HP: 14/32 MP: 2/7
  1911 | D:3      | Found a hazy altar of Hepliaklqana.
  1924 | D:3      | Reached skill level 7 in Unarmed Combat
  2300 | D:4      | Reached XP level 7. HP: 19/36 MP: 5/8
  2555 | D:4      | Identified the +2 great sword of the Supporting Penguin
                  | {freeze, rPois Int+2}
  2725 | D:4      | Found a bloodstained altar of Trog.
  2726 | D:4      | Noticed a wizard
  2732 | D:4      | Killed a wizard
  2892 | D:4      | Found a burning altar of Makhleb.
  2892 | D:4      | Noticed a green death
  2895 | D:4      | Noticed a hellwing
  2895 | D:4      | Noticed a smoke demon
  3093 | D:5      | Entered Level 5 of the Dungeon
  3146 | D:5      | Identified a scroll of acquirement
  3146 | D:5      | Acquired 1097 gold pieces
  3162 | D:5      | Found a glowing silver altar of Zin.
  3196 | D:5      | Reached skill level 8 in Unarmed Combat
  3295 | D:5      | Gained mutation: You have razor-sharp teeth. [Vine Stalker
                  | growth]
  3295 | D:5      | Reached XP level 8. HP: 42/42 MP: 7/9
  3414 | D:5      | Reached skill level 5 in Fighting
  3414 | D:5      | Reached skill level 9 in Unarmed Combat
  3597 | D:5      | Found a staircase to the Ecumenical Temple.
  3609 | Temple   | Entered the Ecumenical Temple
  3655 | Temple   | Became a worshipper of Uskayaw the Reveller
  3655 | Temple   | Reached * piety under Uskayaw
  3766 | D:5      | Reached ** piety under Uskayaw
  3869 | D:5      | Reached skill level 10 in Unarmed Combat
  3905 | D:5      | Identified the staff of cold "Sanemyoj" {rC+ rCorr}
  4160 | D:6      | Found a stormy altar of Qazlal.
  4169 | D:6      | Reached skill level 1 in Armour
  4200 | D:6      | Reached XP level 9. HP: 41/47 MP: 8/10
  4200 | D:6      | Reached *** piety under Uskayaw
  4302 | D:6      | Noticed Edmund
  4311 | D:6      | Killed Edmund
  4523 | D:6      | Noticed Maggie
  4537 | D:6      | Killed Maggie
  4537 | D:6      | Reached **** piety under Uskayaw
  4586 | D:6      | Noticed Duvessa
  4587 | D:6      | Noticed Dowan
  4596 | D:6      | Killed Duvessa
  4601 | D:6      | Killed Dowan
  4695 | D:7      | Reached skill level 11 in Unarmed Combat
  5002 | D:7      | Found a white marble altar of Elyvilon.
  5003 | D:7      | Found a glowing golden altar of the Shining One.
  5143 | D:7      | Found a radiant altar of Vehumet.
  5379 | D:7      | Found a snail-covered altar of Cheibriados.
  5380 | D:7      | Found a shadowy altar of Dithmenos.
  5465 | D:8      | Reached XP level 10. HP: 33/53 MP: 8/11
  5467 | D:8      | Reached skill level 12 in Unarmed Combat
  5467 | D:8      | Reached ***** piety under Uskayaw
  6018 | D:9      | Found an ancient bone altar of Kikubaaqudgha.
  6234 | D:9      | Reached ****** piety under Uskayaw
  6247 | D:9      | Noticed Pikel
  6251 | D:9      | Killed Pikel
  6280 | D:9      | Found a staircase to the Orcish Mines.
  6335 | D:9      | Noticed a kobold demonologist
  6348 | D:9      | Killed a kobold demonologist
  6349 | D:9      | Reached skill level 13 in Unarmed Combat
  6559 | D:9      | Reached skill level 5 in Armour
  6572 | D:9      | Reached XP level 11. HP: 54/59 MP: 12/12
  6831 | D:9      | Noticed a centaur warrior
  6839 | D:9      | Killed a centaur warrior
  6866 | D:9      | Noticed a red ugly thing
  6877 | D:9      | Killed a red ugly thing
  7316 | Orc:1    | Entered Level 1 of the Orcish Mines
  7348 | Orc:1    | Noticed an orc sorcerer
  7354 | Orc:1    | Noticed a sun demon
  7356 | Orc:1    | Killed an orc sorcerer
  7357 | Orc:1    | Reached skill level 14 in Unarmed Combat
  7465 | Orc:2    | Entered Level 2 of the Orcish Mines
  7465 | Orc:2    | Found a staircase to the Elven Halls.
  7510 | Orc:2    | Noticed an orc warlord
  7536 | Orc:1    | HP: 3/60 [poisoned by an orc]
  7615 | D:10     | Entered Level 10 of the Dungeon
  7696 | D:10     | Noticed a two-headed ogre
  7707 | D:10     | Killed a two-headed ogre
  7742 | D:10     | Reached XP level 12. HP: 21/65 MP: 13/13
  7974 | D:10     | Reached skill level 15 in Unarmed Combat
  8026 | D:10     | Identified the +2 sling "Vozinnef" {heavy, rF+ rC+ rCorr}
  8114 | D:10     | Found a staircase to the Lair.
  8167 | Lair:1   | Entered Level 1 of the Lair of Beasts
  8639 | Lair:1   | Noticed Joseph
  8658 | Lair:1   | Killed Joseph
  9317 | Lair:2   | Identified the +1 leather armour of the Sacrificial Victim
                  | {rC+ rN+ Will++}
  9471 | Lair:2   | Reached skill level 16 in Unarmed Combat
  9490 | Lair:2   | Reached skill level 10 in Fighting
  9687 | Lair:2   | Found a staircase to the Snake Pit.
  9726 | Lair:2   | Found a snail-covered altar of Cheibriados.
 10114 | Lair:3   | Noticed a skyshark
 10121 | Lair:3   | Killed a skyshark
 10122 | Lair:3   | Reached XP level 13. HP: 70/72 MP: 14/14
 10234 | Lair:3   | Found a gate leading to a gauntlet.
 10239 | Gauntlet | Entered a Gauntlet
 10239 | Gauntlet | Found a transporter.
 10239 | Gauntlet | Found a transporter.
 10243 | Gauntlet | Found a transporter.
 10243 | Gauntlet | Found a transporter.
 10269 | Gauntlet | Found a transporter.
 10271 | Gauntlet | Noticed a balrug
 10316 | Gauntlet | Found a transporter.
 10330 | Gauntlet | Found a transporter.
 10343 | Gauntlet | Identified the +0 pair of boots "Assesok" {Rampage rPois}
 10366 | Gauntlet | Found a transporter.
 10368 | Gauntlet | Found a transporter.
 10376 | Gauntlet | Noticed a great orb of eyes
 10376 | Gauntlet | Found a transporter.
 10395 | Gauntlet | Killed a great orb of eyes
 10402 | Gauntlet | Found a transporter.
 10404 | Gauntlet | Identified the ring of Huthrueps {Wiz rElec Str+2}
 10406 | Gauntlet | Identified the amulet of Zoqyef {Spirit Will+ Int+2 Slay+2}
 10438 | Gauntlet | Noticed a minotaur
 10450 | Gauntlet | Killed a minotaur
 10469 | Gauntlet | Identified the staff of earth "Woadul" {rCorr Str+2 Dex-4}
 10553 | Lair:3   | Reached skill level 10 in Armour
 10592 | Lair:3   | Reached skill level 1 in Invocations
 10636 | Lair:3   | Found a staircase to the Shoals.
 11993 | Lair:5   | Entered Level 5 of the Lair of Beasts
 12053 | Lair:5   | Reached skill level 5 in Invocations
 12150 | Lair:5   | Reached skill level 17 in Unarmed Combat
 12150 | Lair:5   | Reached XP level 14. HP: 64/77 MP: 17/19
 12154 | Lair:5   | Found a staircase to the Slime Pits.
 12154 | Lair:5   | Found a viscous altar of Jiyva.
 12603 | Lair:5   | Found the +7 captain's cutlass {speed, disarm}
 13900 | Orc:1    | Killed an orc warlord
 13901 | Orc:1    | Reached skill level 1 in Stealth
 13934 | Orc:2    | Reached skill level 1 in Short Blades
 14450 | Orc:2    | Noticed Maurice
 14457 | Orc:2    | Killed Maurice
 14649 | Orc:2    | Noticed an orc warlord
 14704 | Orc:2    | Reached skill level 5 in Stealth
 14711 | Orc:2    | Killed an orc warlord
 14729 | Orc:2    | Reached XP level 15. HP: 73/80 MP: 23/23
 14905 | Orc:2    | Noticed an orc warlord
 14955 | Orc:2    | Killed an orc warlord
 14988 | Orc:2    | Found Xediesaf's Jewellery Emporium.
 15006 | Orc:2    | Found Imaoxu Liqu's Weapon Boutique.
 15008 | Orc:2    | Found Sesuij's Armour Boutique.
 15027 | Orc:2    | Found Aqam's Magic Scroll Shop.
 15047 | Orc:2    | Bought a scroll of teleportation for 42 gold pieces
 15047 | Orc:2    | Bought a scroll of teleportation for 42 gold pieces
 15047 | Orc:2    | Bought a scroll of teleportation for 42 gold pieces
 15047 | Orc:2    | Bought a scroll of fog for 56 gold pieces
 15294 | Snake:1  | Entered Level 1 of the Snake Pit
 15313 | Snake:1  | Reached skill level 10 in Invocations
 15392 | Snake:1  | Reached skill level 5 in Short Blades
 15393 | Snake:1  | HP: 3/80 [poisoned by a sea snake]
 15394 | Snake:1  | Succumbed to a sea snake's poison

Illustrated notes

Levels and vault maps discovered:
D:1:      lemuel_arrival_funnel, layout_loops_cross,
          shapermc_ecumenical_altar_notcrosses, minmay_door_square
D:2:      layout_loops_ring, basic_altar, guppyfry_early_lair_pool, uniq_natasha
D:3:      layout_basic, mainiacjoe_overflow_surrounded_room,
          mainiacjoe_overflow_concentric_impassable, serial_undead,
          serial_undead_d, serial_undead_b, serial_undead_e, serial_undead_f,
          serial_undead_f, minmay_crystal_room, uniq_grinder
D:4:      layout_gridville, makhleb_altar_promises_db, trog_wizard
D:5:      minmay_clustersquares, layout_basic, marbit_many_paths,
          minmay_temple_entry_purple_smoke, kennysheep_generic_room_12
D:6:      layout_gridville, nicolae_qazlal_beasts_of_the_sky, uniq_edmund,
          uniq_duvessa, uniq_maggie
D:7:      layout_rooms, overflow_temple_1_default,
          nicolae_overflow_two_pavilions, mainiacjoe_overflow_divided_tiny,
          serial_co_window_serial, co_window_cross_1, co_window_paths_a,
          co_window_paths_b, co_window_paths_a, co_window_paths_b,
          co_window_corner_ca, co_window_2corner, co_window_corner_b,
          co_window_corner_ca
D:8:      layout_rooms
D:9:      kennysheep_housing_project, layout_irregular_city,
          lemuel_zombie_altar_kikubaaqudgha, zombieorc2_lemuel, wad_mini_maze,
          uniq_pikel
D:10:     layout_basic, lair_entry_dummy, grunt_decor_junction,
          minmay_beelzebubs_servants
Temple:   chequers_temple_sunken
Lair:1:   layout_cave_shapes, grunt_megastairs_5, lemuel_fruit_tree, uniq_joseph
Lair:2:   layout_layer_cave, nicolae_snake_entry_squirm, basic_altar,
          special_room [special_room_bee]
Lair:3:   layout_gridlike, minmay_shoals_entry_lonely_mermaid,
          gauntlet_entry_generic, dreamdust_gnoll_shepherd
Lair:4:   layout_loops_ring, serial_bayou_shore_b, infiniplex_staircase_pool
Lair:5:   gammafunk_lair_ancient_temple, layout_misc_corridors, slime_entry_1,
          pdpol_lair_cavern_descent
Snake:1:  layout_onion_interference, evilmike_ambush
          [evilmike_ambush_outer_doors, evilmike_ambush_inner_wall_2],
          serial_bayou_shore_a, minmay_shop_star
Orc:1:    layout_diamond_mine
Orc:2:    hellmonk_orc_salted, layout_diamond_mine, uniq_maurice

Skill      XL: |  1  2  3  4  5  6  7  8  9 10 11 12 13 14 15 |
---------------+----------------------------------------------+-----
Unarmed Combat | 4 5 6 7 8 10 11 13 14 16 17 | 17.8
Fighting       | 3 4 5 6 7 8 10 | 10.0
Armour         | 1 3 5 6 8 10 | 10.0
Invocations    | 6 9 10 | 10.2
Stealth        | 5 7 |  7.3
Short Blades   | 3 5 |  5.0
Dodging        | |  2.4

Action                     |  1- 3 |  4- 6 |  7- 9 | 10-12 | 13-15 || total
---------------------------+-------+-------+-------+-------+-------++-------
  Melee: Unarmed           |    70 |   102 |   256 |   493 |   646 ||  1567
         Bite              |    22 |    32 |   117 |   198 |   284 ||   653
  Evoke: Wand              |       |       |       |     8 |     2 ||    10
    Use: Scroll            |       |       |    13 |    12 |     6 ||    31
         Potion            |       |       |       |     2 |     1 ||     3
   Stab: Paralysed         |       |       |     8 |    40 |    66 ||   114
 Armour: Robe              |    19 |     1 |       |       |       ||    20
         Leather armour    |       |    14 |     1 |       |       ||    15
         Chain mail        |       |       |   100 |   181 |    26 ||   307
         Plate armour      |       |       |       |       |   214 ||   214
  Dodge: Dodged            |    59 |    49 |    87 |   348 |   273 ||   816
  Block: Orb               |       |       |       |    10 |     3 ||    13
